 Dungeon Crawl Stone Soup version 0.28-a0-577-gb193047a1f (webtiles) character file.

Game seed: 5130693587781851315

81 nicanaca0 the Chopper (level 4, 0/39 HPs)
             Began as a Minotaur Berserker on Oct 1, 2021.
             Was a Believer of Trog.
             Slain by Ijyb (20 damage)
             ... on level 3 of the Dungeon.
             The game lasted 00:02:57 (2401 turns).

nicanaca0 the Chopper (Minotaur Berserker)          Turns: 2401, Time: 00:02:58

Health: 0/39       AC: 11    Str: 22    XL:     4   Next: 19%
Magic:  3/3        EV:  6    Int:  5    God:    Trog [**....]
Gold:   80         SH:  0    Dex:  9    Spells: 3/3 levels left

rFire   . . .      SeeInvis .   k - +0 short sword (elec)
rCold   . . .      Faith    .   (no shield)
rNeg    . . .      Spirit   .   d - +0 plate armour
rPois   .          Reflect  .   (helmet restricted)
rElec   .          Harm     .   (no cloak)
rCorr   +          Rampage  .   (no gloves)
Will    .....                   (no boots)
Stlth   ..........              (no amulet)
HPRegen 0.13/turn               i - ring of resist corrosion
MPRegen 0.08/turn               (no ring)

@: no status effects
A: horns 2, retaliatory headbutt
a: Renounce Religion, Berserk, Trog's Hand


You were on level 3 of the Dungeon.
You worshipped Trog.
Trog was pleased with you.
You visited 1 branch of the dungeon, and saw 3 of its levels.

You collected 80 gold pieces.

Inventory:

Hand Weapons
 a - a +0 hand axe
 k - a +0 short sword of electrocution (weapon)
Missiles
 g - 65 stones (quivered)
 j - 23 sling bullets
Armour
 b - a +0 animal skin
 d - a +0 plate armour (worn)
Jewellery
 i - a ring of resist corrosion (left hand)
Scrolls
 h - a scroll of holy word {unknown}
 m - 2 scrolls of teleportation {unknown}
Potions
 c - 3 potions of curing {unknown}
 e - a potion of heal wounds {unknown}
 f - a potion of haste {unknown}
 l - a potion of flight {unknown}
 n - a potion of degeneration {unknown}
 o - a potion of brilliance {unknown}
 p - a potion of mutation {unknown}
 q - a potion of lignification {unknown}


   Skills:
 - Level 3.6 Fighting
 * Level 6.1 Axes
 - Level 2.4 Armour
 - Level 2.1 Dodging


You had 3 spell levels left.
You didn't know any spells.
Your spell library was empty.

Dungeon Overview and Level Annotations

Branches:
Dungeon (3/15)

Altars:

Shops:
D:2 ?(?([

Annotations:
D:3 Ijyb


Innate Abilities, Weirdness & Mutations

You have a pair of horns on your head.
You reflexively headbutt those who attack you in melee.


Message History

There are monsters nearby!
You barely miss the endoplasm. You headbutt the endoplasm.
You kill the endoplasm!
Trog accepts your kill.
A bat is nearby!
You throw a stone. The stone hits the bat.
The bat is moderately wounded.
A bat is nearby!
A bat is nearby!
You barely miss the bat. Your headbutt misses the bat.
The bat is moderately wounded.
The bat barely misses you.
A bat is nearby!
You hit the bat.
You kill the bat!
Trog accepts your kill.
g - 60 stones (gained 1)
g - 61 stones (gained 1)
g - 62 stones (gained 1)
g - 63 stones (gained 1)
g - 65 stones (gained 2) Key pressed, stopping explore.
No target in view!
j - 23 sling bullets (gained 7) Key pressed, stopping explore.
No target in view!
q - a lumpy puce potion No target in view!
Ijyb the Twisted Goblin comes into view.
She is wielding a +1 dagger of electrocution and carrying a wand of iceblast (10).
Found a sedimented amethyst potion.
Ijyb shouts!
You aren't carrying any items that you can evoke.
Ijyb screams, "I no like you!"
Ijyb hits you with a +1 dagger of electrocution.
You closely miss Ijyb. Ijyb hits you but does no damage.
You are electrocuted!
You hit Ijyb but do no damage. Your headbutt misses Ijyb.
Ijyb hits you with a +1 dagger of electrocution.
You are electrocuted!!
Ouch! That really hurt!
You die...

#... #... #!.. #... .
..##... ...
!......#######....
..................
.......g....####
.......#@##.#######
..................$
..........#.#######
.########.#.#######
#######.........#
#...†...........#
##.####.#####.........#
............#.........#
##...##.##<.#..........


You could see Ijyb.

Vanquished Creatures
  3 gnolls (D:2)
  An adder (D:2)
  A worm (D:2)
  A dart slug (D:1)
  6 bats
  7 endoplasms
  2 giant cockroaches
  3 hobgoblins
  2 kobolds (D:1)
  2 quokkas
  A ball python (D:1)
  4 frilled lizards
  3 goblins
  3 rats (D:1)
39 creatures vanquished.

Notes
Turn   | Place    | Note
-------+----------+-------------------------------------------
     0 | D:1      | nicanaca0 the Minotaur Berserker began the quest for the
                  | Orb.
     0 | D:1      | Reached XP level 1. HP: 19/19 MP: 0/0
     3 | D:1      | You fall into a shaft and drop 1 floor!
    15 | D:2      | Found Vidioh's Antique Armour Shop.
    26 | D:2      | Found Erigiwaeq's Weapon Boutique.
    63 | D:2      | Found Xinamy's Antique Weapon Shoppe.
   205 | D:1      | Reached skill level 4 in Axes
   289 | D:1      | Reached XP level 2. HP: 26/26 MP: 1/1
   587 | D:1      | Found a faded altar of an unknown god.
   926 | D:1      | Reached skill level 5 in Axes
  1057 | D:1      | Reached XP level 3. HP: 31/31 MP: 2/2
  1606 | D:2      | Reached ** piety under Trog
  1852 | D:2      | Found Qaenue's Magic Scroll Shoppe.
  2088 | D:2      | Reached skill level 6 in Axes
  2088 | D:2      | Reached XP level 4. HP: 39/39 MP: 3/3
  2096 | D:2      | Found Damufoad's Magic Scroll Emporium.
  2392 | D:3      | Noticed Ijyb
  2401 | D:3      | Slain by Ijyb

Illustrated notes

Levels and vault maps discovered:
D:1:      dpeg_arrival_round_c, layout_basic, shapermc_ecumenical_altar_venn
D:2:      layout_loops_ring, serial_shops, nicolae_shop_statue_plus, shop, shop,
          shop, shop, kennysheep_generic_room_7
D:3:      layout_basic, mainiacjoe_overflow_six_doors_small,
          dancing_weapons_uskayaw, uniq_natasha, uniq_ijyb

Skill      XL: |  1  2  3 |
---------------+----------+-----
Axes           | 4 5 6 |  6.1
Fighting       | |  3.6
Armour         | |  2.4
Dodging        | |  2.1

Action                   |  1- 3 |  4- 6 || total
-------------------------+-------+-------++-------
Melee: Hand axe          |    44 |       ||    44
       Headbutt          |    11 |     1 ||    12
       Short sword       |    26 |    17 ||    43
Throw: Stone             |    62 |     9 ||    71
Armor: Plate armour      |    40 |     9 ||    49
       Animal skin       |     1 |       ||     1
Dodge: Dodged            |    27 |     6 ||    33

Table legend: (Time is in decaauts)
 A = Elapsed time spent in this place.
 B = Non-inter-level travel time spent in this place.
 C = Inter-level travel time spent in this place.
 D = Time resting spent in this place.
 E = Time spent auto-exploring this place.
 F = Levels seen in this place.
 G = Mean time per level.
                   A        B        C        D        E       F      G
               +--------+--------+--------+--------+--------+-----+--------+
         Total |   2416 |   2174 |    242 |    166 |   1641 |   3 |  805.3 |
       Dungeon |   2416 |   2174 |    242 |    166 |   1641 |   3 |  805.3 |
               +--------+--------+--------+--------+--------+-----+--------+

Top non-repeatable levels by time:
     D:1: 1439 daAuts
     D:2: 913 daAuts
     D:3: 64 daAuts
